 Dungeon Crawl Stone Soup version 0.28.0-45-g0d030f2227 (webtiles) character file.

Game seed: 16792994175049091273

275 NinjaNoafa the Digger (level 6, -1/47 HPs)
             Began as a Draconian Earth Elementalist on Apr 3, 2022.
             Was a Follower of Uskayaw.
             Killed by divine providence
             ... invoked by an orc priest
              (10 damage)
             ... on level 4 of the Dungeon.
             The game lasted 00:18:59 (6289 turns).

NinjaNoafa the Digger (DrEE)                        Turns: 6289, Time: 00:18:59

Health: -1/47      AC:  7    Str: 10    XL:     6   Next: 3%
Magic:  9/9        EV: 16    Int: 18    God:    Uskayaw [*.....]
Gold:   128        SH:  0    Dex: 11    Spells: 7/10 levels left

rFire   . . .      SeeInvis .   h - +1 falchion (protect)
rCold   . . .      Faith    .   (no shield)
rNeg    . . .      Spirit   .   (armour unavailable)
rPois   .          Reflect  .   d - +1 hat
rElec   .          Harm     .   (no cloak)
rCorr   .          Rampage  .   (no gloves)
Will    .....      Rage     1%  (no boots)
Stlth   ++........              (no amulet)
HPRegen 0.15/turn               a - +4 ring of evasion
MPRegen 0.11/turn               (no ring)

@: no status effects
A: AC +6, unfitting armour, low MP 1, cold-blooded, berserk 1
a: Renounce Religion, Stomp


You were on level 4 of the Dungeon.
You worshipped Uskayaw.
Uskayaw was noncommittal.
You visited 1 branch of the dungeon, and saw 4 of its levels.

You collected 128 gold pieces.

Inventory:

Hand Weapons
 e - a +0 vampiric hand axe
 f - a +2 vorpal hand axe
 h - a +1 falchion of protection (weapon)
 l - a +0 falchion
 m - a +0 quick blade
 q - a +3 dagger of freezing
Missiles
 b - 57 stones
 c - 6 boomerangs
 g - 4 javelins (quivered)
 j - 3 poisoned darts
Armour
 d - a +1 hat (worn)
Jewellery
 a - a +4 ring of evasion (left hand)


   Skills:
 * Level 1.5 Fighting
 * Level 0.4 Short Blades
 + Level 2.6 Dodging
 + Level 2.8 Stealth
 * Level 2.9 Spellcasting
 * Level 2.4 Transmutations
 * Level 4.4 Earth Magic


You had 7 spell levels left.
You knew the following spells:

 Your Spells              Type           Power      Damage    Failure   Level
a - Sandblast             Erth           36%        2d10      2%          1
b - Passwall              Tmut/Erth      12%        N/A       6%          2

Your spell library contained the following spells:

 Spells                   Type           Power      Damage    Failure   Level
 Stone Arrow              Conj/Erth      20%        3d8       21%         3
 Petrify                  Tmut/Erth      15%        N/A       36%         4


Dungeon Overview and Level Annotations

Branches:
Dungeon (4/15)
 Temple: D:4-7

Altars:
Kikubaaqudgha
Ru
Uskayaw
Wu Jian

Annotations:
D:3 RascalDebosk's ghost, amateur MiBe
D:4 2 transporters, terff's ghost, amateur HOMo


Innate Abilities, Weirdness & Mutations

Your plain brown scales are hard. (AC +6)
You cannot fit into any form of body armour.
Your magical capacity is low. (-10% MP)
You are cold-blooded and may be slowed by cold attacks.
You tend to lose your temper in combat.


Message History

The orc is heavily wounded.
The orc hits you but does no damage.
The orc priest calls down the wrath of Beogh upon you.
Pain shoots through your body!
You hit the orc. You freeze the orc.
You kill the orc!
Okay, then.
You hit the orc. You freeze the orc.
The orc is heavily wounded.
The orc completely misses you. The orc priest completely misses you.
You hit the orc but do no damage. You tail-slap the orc.
You kill the orc!
The orc priest calls down the wrath of Beogh upon you.
Beogh smites you!
You see here a +1 falchion of protection.
h - a +1 falchion of protection The orc priest hits you but does no damage.
You hit the orc priest. You freeze the orc priest.
You tail-slap the orc priest, but do no damage.
The orc priest is lightly wounded.
The orc priest invokes the aid of Beogh against you.
Beogh smites you!
You barely miss the orc priest.
You tail-slap the orc priest, but do no damage.
The orc priest is lightly wounded.
The orc priest invokes the aid of Beogh against you.
Beogh smites you!
* * * LOW HITPOINT WARNING * * *
You barely miss the orc priest.
The orc priest is lightly wounded.
The orc priest misses you.
You hit the orc priest but do no damage.
The orc priest is lightly wounded.
The orc priest misses you.
Your +3 dagger of freezing stops glowing.
Your +1 falchion of protection hums with potential!
h - a +1 falchion of protection (weapon)
The orc priest mumbles some strange prayers to Beogh against you.
Beogh smites you!
You die...

............#o##.#
...........
.#####.###..#o##.#
#####....### ##.###..#o##.#
.........### ........#.##.#
.........'..
........#o##.#.......†..###
........#.##.#..........###
..........................#
........####.#######......#
..........@o.)...# #......'
#....##.######.#.# #.#....#
#... #.# #.# #.#.##.# ###
#.# .# #.#.##.# #.# .#
#....... #.########.#
#.#.#..# #....)).)..#
#.#.#..# ############
###..... #.##.#


You could see an orc priest.

Vanquished Creatures
  A bullfrog zombie (D:3)
  A jelly (D:4)
  An iguana (D:4)
  An orc wizard (D:4)
  5 adders
  2 worms (D:2)
  A dart slug (D:1)
  19 orcs
  5 bats
  2 bat zombies (D:3)
  5 endoplasms
  6 giant cockroaches
  5 goblins
  9 hobgoblins
  4 jackals (D:2)
  6 kobolds
  2 quokkas
  6 ball pythons
  A frilled lizard (D:1)
  5 rats
  A rat zombie (D:3)
88 creatures vanquished.

Notes
Turn   | Place    | Note
-------+----------+-------------------------------------------
     0 | D:1      | NinjaNoafa the Draconian Earth Elementalist began the quest
                  | for the Orb.
     0 | D:1      | Reached XP level 1. HP: 14/14 MP: 3/3
    58 | D:1      | Found a faded altar of an unknown god.
    69 | D:1      | Prayed at the altar of an unknown god.
    69 | D:1      | Became a worshipper of Ru the Awakened
   181 | D:1      | Gained mutation: Your magical capacity is low. (-10% MP)
                  | [Ru sacrifice]
   421 | D:1      | Reached XP level 2. HP: 20/20 MP: 1/4
   908 | D:1      | HP: 1/20 [goblin/+0 club (4)]
  1549 | D:1      | Reached XP level 3. HP: 26/26 MP: 3/5
  2606 | D:2      | Reached XP level 4. HP: 34/34 MP: 3/6
  2806 | D:2      | Reached skill level 1 in Fighting
  3117 | D:3      | Found a hide-covered altar of Uskayaw.
  3124 | D:3      | Fell from the grace of Ru
  3127 | D:3      | Became a worshipper of Uskayaw the Reveller
  3131 | D:3      | Reached * piety under Uskayaw
  3135 | D:3      | Reached ** piety under Uskayaw
  3141 | D:3      | Reached skill level 4 in Earth Magic
  3599 | D:3      | Found an ancient bone altar of Kikubaaqudgha.
  3702 | D:3      | Found an ornate altar of the Wu Jian Council.
  4015 | D:3      | Found a runed translucent door.
  4016 | D:3      | Noticed RascalDebosk's ghost (amateur MiBe)
  5006 | D:4      | Reached XP level 5. HP: 38/40 MP: 4/8
  5059 | D:4      | Found a transporter.
  5060 | D:4      | Noticed terff's ghost (amateur HOMo)
  5081 | D:4      | Gained mutation: You tend to lose your temper in combat.
                  | [potion of mutation]
  5310 | D:4      | Found a transporter.
  5383 | D:4      | Reached *** piety under Uskayaw
  5606 | D:4      | Learned a level 2 spell: Passwall
  6123 | D:4      | Reached XP level 6. HP: 18/47 MP: 9/9
  6289 | D:4      | Killed from afar by an orc priest

Illustrated notes

Levels and vault maps discovered:
D:1:      lordsloth_arrival_two_stooges, layout_loops_ring,
          hellmonk_ecumenical_altar_slurped_away, minmay_misc_feat_cross
D:2:      layout_loops_corners
D:3:      layout_loops_cross, lemuel_zombie_altar_kikubaaqudgha,
          eat_drink_and_be_merry_uskayaw, old_standard_altar,
          ebering_ghost_reflecting_pool, minmay_misc_feat_ornament
D:4:      layout_basic, gammafunk_ghost_arena

Skill      XL: |  1  2  3  4  5 |
---------------+----------------+-----
Dodging        | 2 |  2.6
Stealth        | 2 |  2.8
Fighting       | 1 |  1.5
Earth Magic    | 4 |  4.4
Transmutations | 2 |  2.4
Short Blades   | |  0.4
Spellcasting   | |  2.9

Action                   |  1- 3 |  4- 6 || total
-------------------------+-------+-------++-------
Melee: Unarmed           |    29 |       ||    29
       Tailslap          |    12 |    15 ||    27
       Dagger            |    25 |   104 ||   129
       Short sword       |    11 |       ||    11
       Punch             |     2 |     4 ||     6
       Falchion          |    34 |    16 ||    50
       Quick blade       |       |    33 ||    33
       Hand axe          |       |     2 ||     2
Throw: Dart              |     3 |     4 ||     7
       Javelin           |       |     6 ||     6
       Boomerang         |       |     1 ||     1
 Cast: Sandblast         |    37 |    18 ||    55
Invok: Sacrifice Essence |     1 |       ||     1
       Renounce Religion |       |     1 ||     1
Evoke: Wand              |       |    11 ||    11
  Use: Scroll            |       |    12 ||    12
       Potion            |       |     7 ||     7
 Stab: Sleeping          |     1 |     3 ||     4
       Paralysed         |       |     2 ||     2
Armor: Skin              |    42 |    49 ||    91
Dodge: Dodged            |    64 |   147 ||   211
